 Dungeon Crawl Stone Soup version 0.21.1-1-g345015f (webtiles) character file.

6658 Mgcat the Magician (level 11, -2/84 HPs)
             Began as a Gnoll Skald on Feb 7, 2018.
             Was a Believer of Ashenzari.
             Slain by a two-headed ogre
             ... wielding a +0 giant club
              (10 damage)
             ... on level 9 of the Dungeon.
             The game lasted 00:27:36 (10609 turns).

Mgcat the Magician (Gnoll Skald)                   Turns: 10609, Time: 00:27:37

Health: -2/84      AC: 13    Str: 18    XL:     11   Next: 3%
Magic:  13/22      EV: 18    Int: 17    God:    Ashenzari [**....]
Gold:   519        SH:  0    Dex: 17    Spells: 14/25 levels left

rFire    . . .     SeeInvis .   v - +3 flail (flame) (curse)
rCold    . . .     Gourm    .   (no shield)
rNeg     . . .     Faith    .   b - +1 leather armour (curse)
rPois    .         Spirit   .   w - +2 helmet (curse)
rElec    .         Reflect  .   p - scarf {cloud immunity}
rCorr    .         Harm     .   L - +1 pair of gloves
MR       .....                  l - +2 pair of boots (curse)
Stlth    +++.......             (no amulet)
HPRegen  0.24/turn              K - +5 ring of strength (curse)
MPRegen  0.18/turn              M - +3 ring of slaying

@: infused
A: distributed training, fangs 1, strong nose
a: Curse Item, Scrying, Renounce Religion


You were on level 9 of the Dungeon.
You worshipped Ashenzari.
Ashenzari was pleased with you.
You were not hungry.

You visited 2 branches of the dungeon, and saw 10 of its levels.

You collected 519 gold pieces.

Inventory:

Hand Weapons
 a - a +0 hand axe
 v - a cursed +3 flail of flaming (weapon)
   (You took it off a gnoll on level 2 of the Dungeon)
 D - a +1 falchion of protection
   (You took it off Eustachio on level 6 of the Dungeon)
 I - a +1 shortbow of flaming
   (You took it off a centaur on level 7 of the Dungeon)
 P - a +0 hand crossbow
   (You found it on level 8 of the Dungeon)
Missiles
 y - 6 tomahawks (quivered)
 F - a throwing net {=f, !d}
 G - 4 poisoned javelins
 Q - 134 arrows
 R - 30 bolts
Armour
 b - a cursed +1 leather armour (worn)
 l - a cursed +2 pair of boots (worn)
   (You found it on level 1 of the Dungeon)
 p - a scarf of cloud immunity (worn)
   (You found it on level 3 of the Dungeon)
 w - a cursed +2 helmet (worn)
   (You found it on level 3 of the Dungeon)
 L - a +1 pair of gloves (worn)
   (You found it on level 7 of the Dungeon)
Magical Staves
 N - an uncursed staff of conjuration {!a}
   (You found it on level 8 of the Dungeon)
Jewellery
 i - an uncursed ring of flight {+Fly, !d}
   (You found it on level 1 of the Dungeon)
 m - a +2 ring of strength
   (You found it on level 1 of the Dungeon)
 K - a cursed +5 ring of strength (left hand)
   (You found it on level 7 of the Dungeon)
 M - a +3 ring of slaying (right hand)
   (You found it on level 7 of the Dungeon)
Wands
 J - a wand of digging (12)
   (You took it off an orc wizard on level 7 of the Dungeon)
Scrolls
 g - 6 scrolls of identify
 k - 2 scrolls of amnesia
 n - 2 scrolls of fog
 t - 2 scrolls of magic mapping {!r}
 x - 5 scrolls of teleportation
 B - a scroll of blinking {!r}
Potions
 e - 6 potions of curing {unknown}
 f - a potion of berserk rage {unknown}
 h - 2 potions of might {unknown}
 j - 2 potions of degeneration {!q}
 r - a potion of brilliance {unknown}
 s - 2 potions of flight {unknown}
 u - a potion of haste {unknown}
 z - a potion of cancellation {unknown}
 C - a potion of mutation {unknown}
 E - 4 potions of heal wounds {unknown}
Books
 c - a book of Battle
 O - a book of Cantrips
   (You found it on level 8 of the Dungeon)
Comestibles
 d - 23 rations


   Skills:
 + Level 7.4 Fighting
 + Level 5.7 Short Blades
 + Level 5.7 Long Blades
 + Level 7.4 Axes
 + Level 5.7(8.0) Maces & Flails
 + Level 5.7 Polearms
 + Level 5.7 Staves
 + Level 5.7 Slings
 + Level 5.7 Bows
 + Level 5.7 Crossbows
 + Level 5.7 Throwing
 + Level 6.3 Armour
 + Level 7.4(8.9) Dodging
 + Level 5.7(7.2) Stealth
 + Level 5.7 Shields
 + Level 5.7 Unarmed Combat
 + Level 7.7 Spellcasting
 + Level 4.7 Conjurations
 + Level 4.7 Hexes
 + Level 7.3 Charms
 + Level 4.7 Summonings
 + Level 4.7 Necromancy
 + Level 4.7 Translocations
 + Level 4.7 Transmutations
 + Level 4.7 Fire Magic
 + Level 4.7 Ice Magic
 + Level 4.7 Air Magic
 + Level 4.7 Earth Magic
 + Level 4.7 Poison Magic
   Level 6.3 Invocations
 + Level 5.7 Evocations


You had 14 spell levels left.
You knew the following spells:

 Your Spells              Type           Power        Failure   Level  Hunger
a - Infusion              Chrm           ####         1%          1    None
b - Song of Slaying       Chrm           ####....     1%          2    None
c - Shroud of Golubria    Chrm/Tloc      ####......   1%          2    None
d - Regeneration          Chrm/Necr      ####......   3%          3    #......
e - Spectral Weapon       Hex/Chrm       ####....     3%          3    #......


Dungeon Overview and Level Annotations

Branches:
Dungeon (9/15)             Temple (1/1) D:4            Lair (0/6) D:8
    Orc: D:9-12

Altars:
Ashenzari
Cheibriados
Dithmenos
Elyvilon
Fedhas
Gozag
Hepliaklqana
Kikubaaqudgha
Makhleb
Nemelex Xobeh
Okawaru
Qazlal
Ru
Sif Muna
Trog
Uskayaw
Vehumet
Wu Jian
Xom
Yredelemnul
Zin
The Shining One

Shops:
D:4 *   D:9 }

Annotations:
D:9 exclusion: orange crystal statue


Innate Abilities, Weirdness & Mutations

Your experience applies equally to all skills.
You have very sharp teeth.
Your uncanny sense of smell can sniff out nearby items.


Message History

The hippogriff bites you.
The hippogriff pecks you but does no damage.
The hippogriff misses you.
You hit the hippogriff. You burn the hippogriff.
The hippogriff is heavily wounded.
The hippogriff barely misses you. The hippogriff closely misses you. x2
You bludgeon the hippogriff!! You burn the hippogriff!
You kill the hippogriff!
You have reached level 11!
Found Rayl's Gadget Boutique.
Magic restored.
There is an entrance to Rayl's Gadget Boutique here.
A water moccasin zombie comes into view.
The helpless water moccasin zombie fails to defend itself.
You sock the water moccasin zombie! You burn the water moccasin zombie.
The water moccasin zombie is heavily damaged.
The water moccasin zombie bites you but does no damage.
You barely miss the water moccasin zombie.
The water moccasin zombie is heavily damaged.
The water moccasin zombie barely misses you.
You thump the water moccasin zombie! You burn the water moccasin zombie!
You destroy the water moccasin zombie!
No target in view!
No target in view!
Found a stone staircase leading up.
Found a stone staircase leading down.
HP restored.
x - 5 scrolls of teleportation (gained 1)
There is a stone staircase leading down here.
Found a stone staircase leading down.
There is a stone staircase leading down here.
Marking area around the orange crystal statue as unsafe for travelling.
An orange crystal statue comes into view.
Unknown command.
Unknown command.
Unknown command.
Unknown command.
You now have 519 gold pieces (gained 6).
An ogre comes into view. It is wielding a giant club.
The ogre shouts!
Casting: Infusion
Confirm with . or Enter, or press ? or * to list all spells.
You begin infusing your attacks with magical energy.
The ogre closely misses you.
You sock the ogre!! You burn the ogre.
You kill the ogre!
No target in view!
No target in view!
Your magical infusion is running out.
You are no longer magically infusing your attacks.
n - 2 scrolls of fog
Casting: Infusion
Confirm with . or Enter, or press ? or * to list all spells.
Space distorts slightly along a thin shroud covering your body.
The two-headed ogre shouts in stereo!
You hear a shout!
Casting: Shroud of Golubria
Confirm with . or Enter, or press ? or * to list all spells.
You begin infusing your attacks with magical energy.
The two-headed ogre hits you with a giant club!
Your shroud falls apart!
The two-headed ogre completely misses you.
You hit the two-headed ogre! You burn the two-headed ogre.
You bite the two-headed ogre, but do no damage.
The two-headed ogre is lightly wounded.
The two-headed ogre completely misses you.
The two-headed ogre hits you with a giant spiked club!
Casting: Infusion
Confirm with . or Enter, or press ? or * to list all spells.
Space distorts slightly along a thin shroud covering your body.
The two-headed ogre barely misses you.
The two-headed ogre hits you with a giant spiked club!
You hit the two-headed ogre! You burn the two-headed ogre.
The two-headed ogre is moderately wounded.
You completely miss the two-headed ogre.
The two-headed ogre is moderately wounded.
The two-headed ogre barely misses you. The two-headed ogre closely misses you.
You hit the two-headed ogre. You burn the two-headed ogre.
You punch the two-headed ogre.
The two-headed ogre is heavily wounded.
The two-headed ogre misses you.
The two-headed ogre completely misses you.
You hit the two-headed ogre! You burn the two-headed ogre.
You bite the two-headed ogre.
The two-headed ogre is severely wounded.
You hit the two-headed ogre. You burn the two-headed ogre.
You bite the two-headed ogre, but do no damage.
The two-headed ogre is almost dead.
The two-headed ogre barely misses you. The two-headed ogre closely misses you.
You barely miss the two-headed ogre.
You punch the two-headed ogre, but do no damage.
The two-headed ogre is almost dead.
The two-headed ogre hits you with a giant club!
The two-headed ogre hits you with a giant spiked club!
You hit the two-headed ogre. You burn the two-headed ogre.
The two-headed ogre is almost dead.
The two-headed ogre hits you with a giant club!!
* * * LOW HITPOINT WARNING * * *
Your shroud falls apart!
The two-headed ogre hits you with a giant spiked club!
You die...

.# #..........# * , .#
#..........# , .#
#..........#########
.###...................
.......................
...#####..........# * #
...# #.#######..# , #
...# #.# #..# * # ...#
#.# #@.# , # ...# #.#
#.O# * , # ...#####.#
#..# *###### .........#
* *#... , , ......
.......... , .......
,** * # #####..* *
#.#######. # , #. #...
# #. #... # ,
#.#######...* #


You could see a two-headed ogre.

Vanquished Creatures
  2 two-headed ogres (D:8)
  Pikel (D:8)
  Psyche (D:8)
  A troll (D:8)
  A hornet (D:8)
  2 slime creatures (D:8)
  2 hippogriffs
  Eustachio (D:6)
  A hungry ghost (D:8)
  An ice beast (D:8)
  A sky beast (D:8)
  A black bear (D:6)
  3 ogres
  4 wolves (D:8)
  A phantom (D:4)
  3 centaurs
  A crocodile (D:8)
  3 big kobolds (D:8)
  A gnoll sergeant (D:4)
  A water moccasin zombie (D:9)
  A scorpion (D:8)
  3 killer bees (D:9)
  2 howler monkeys
  5 electric eels (D:8)
  3 crimson imps
  A bullfrog zombie (D:6)
  5 hounds
  A bullfrog skeleton (D:5)
  3 jellies (D:8)
  3 centaur skeletons
  3 orc wizards
  2 iguanas
  7 worker ants
  A killer bee zombie (D:5)
  A hound zombie (D:5)
  2 worker ant zombies
  14 gnolls
  9 adders
  A shadow imp (D:6)
  7 oozes
  An adder zombie (D:6)
  An adder skeleton (D:7)
  A dart slug (D:2)
  5 leopard geckos
  16 orcs
  2 ball pythons
  7 giant cockroaches
  2 goblins (D:1)
  5 hobgoblins
  8 jackals
  5 kobolds
  5 quokkas
  5 bats
  7 frilled lizards
  A quokka zombie (D:5)
  4 rats
181 creatures vanquished.

Vanquished Creatures (others)
  2 fungi (D:8)
  8 toadstools (D:8)
10 creatures vanquished.

Grand Total: 191 creatures vanquished

Notes
Turn   | Place    | Note
-------+----------+-------------------------------------------
     0 | D:1      | Mgcat the Gnoll Skald began the quest for the Orb.
     0 | D:1      | Reached XP level 1. HP: 20/20 MP: 6/6
   361 | D:1      | Reached XP level 2. HP: 24/26 MP: 7/7
   785 | D:2      | Reached skill level 5 in Spellcasting
   785 | D:2      | Reached XP level 3. HP: 18/31 MP: 4/9
   960 | D:2      | Learned a level 2 spell: Song of Slaying
   963 | D:2      | Learned a level 2 spell: Shroud of Golubria
   967 | D:2      | Learned a level 3 spell: Regeneration
   971 | D:2      | Learned a level 3 spell: Spectral Weapon
  1060 | D:2      | Reached skill level 1 in Invocations
  1362 | D:2      | Reached skill level 1 in Short Blades
  1362 | D:2      | Reached skill level 1 in Long Blades
  1362 | D:2      | Reached skill level 1 in Maces & Flails
  1362 | D:2      | Reached skill level 1 in Polearms
  1362 | D:2      | Reached skill level 1 in Staves
  1362 | D:2      | Reached skill level 1 in Slings
  1362 | D:2      | Reached skill level 1 in Bows
  1362 | D:2      | Reached skill level 1 in Crossbows
  1362 | D:2      | Reached skill level 1 in Throwing
  1362 | D:2      | Reached skill level 1 in Stealth
  1362 | D:2      | Reached skill level 1 in Shields
  1362 | D:2      | Reached skill level 1 in Unarmed Combat
  1362 | D:2      | Reached skill level 1 in Evocations
  1384 | D:2      | Found a glowing golden altar of the Shining One.
  1429 | D:2      | Became a worshipper of the Shining One
  1500 | D:2      | Reached XP level 4. HP: 38/38 MP: 7/11
  2086 | D:3      | Found a white marble altar of Elyvilon.
  2340 | D:3      | Reached skill level 1 in Conjurations
  2340 | D:3      | Reached skill level 1 in Hexes
  2340 | D:3      | Reached skill level 1 in Summonings
  2340 | D:3      | Reached skill level 1 in Necromancy
  2340 | D:3      | Reached skill level 1 in Translocations
  2340 | D:3      | Reached skill level 1 in Transmutations
  2340 | D:3      | Reached skill level 1 in Fire Magic
  2340 | D:3      | Reached skill level 1 in Ice Magic
  2340 | D:3      | Reached skill level 1 in Air Magic
  2340 | D:3      | Reached skill level 1 in Earth Magic
  2340 | D:3      | Reached skill level 1 in Poison Magic
  2930 | D:4      | Reached XP level 5. HP: 36/43 MP: 9/12
  3123 | D:4      | Found a deep blue altar of Sif Muna.
  3161 | D:4      | Reached skill level 3 in Armour
  3222 | D:4      | Reached XP level 6. HP: 34/50 MP: 1/13
  3340 | D:4      | Noticed a phantom
  3347 | D:4      | Found a staircase to the Ecumenical Temple.
  3366 | D:4      | Killed a phantom
  3366 | D:4      | Reached skill level 5 in Fighting
  3366 | D:4      | Reached skill level 5 in Axes
  3366 | D:4      | Reached skill level 5 in Dodging
  3366 | D:4      | Reached skill level 2 in Invocations
  3373 | Temple   | Entered the Ecumenical Temple
  3438 | Temple   | Fell from the grace of the Shining One
  3438 | Temple   | Became a worshipper of Ashenzari the Shackled
  3482 | D:4      | Reached skill level 2 in Short Blades
  3482 | D:4      | Reached skill level 2 in Long Blades
  3482 | D:4      | Reached skill level 2 in Maces & Flails
  3482 | D:4      | Reached skill level 2 in Polearms
  3482 | D:4      | Reached skill level 2 in Staves
  3482 | D:4      | Reached skill level 2 in Slings
  3482 | D:4      | Reached skill level 2 in Bows
  3482 | D:4      | Reached skill level 2 in Crossbows
  3482 | D:4      | Reached skill level 2 in Throwing
  3482 | D:4      | Reached skill level 2 in Stealth
  3482 | D:4      | Reached skill level 2 in Shields
  3482 | D:4      | Reached skill level 2 in Unarmed Combat
  3482 | D:4      | Reached skill level 2 in Evocations
  3596 | D:4      | Found an ancient bone altar of Kikubaaqudgha.
  3704 | D:4      | Found Gozag's Platinum Reserve.
  3704 | D:4      | Found an opulent altar of Gozag.
  4122 | D:5      | Entered Level 5 of the Dungeon
  4129 | D:5      | Reached XP level 7. HP: 56/56 MP: 15/15
  4285 | D:5      | Found an ornate altar of the Wu Jian Council.
  4322 | D:5      | Found a hazy altar of Hepliaklqana.
  4401 | D:5      | Reached skill level 2 in Conjurations
  4401 | D:5      | Reached skill level 2 in Hexes
  4401 | D:5      | Reached skill level 2 in Summonings
  4401 | D:5      | Reached skill level 2 in Necromancy
  4401 | D:5      | Reached skill level 2 in Translocations
  4401 | D:5      | Reached skill level 2 in Transmutations
  4401 | D:5      | Reached skill level 2 in Fire Magic
  4401 | D:5      | Reached skill level 2 in Ice Magic
  4401 | D:5      | Reached skill level 2 in Air Magic
  4401 | D:5      | Reached skill level 2 in Earth Magic
  4401 | D:5      | Reached skill level 2 in Poison Magic
  5003 | D:6      | Noticed Eustachio
  5016 | D:6      | Killed Eustachio
  5016 | D:6      | Reached skill level 6 in Charms
  5016 | D:6      | Reached skill level 3 in Invocations
  5016 | D:6      | Reached XP level 8. HP: 60/63 MP: 13/16
  5139 | D:6      | Reached skill level 4 in Armour
  5148 | D:6      | Reached skill level 3 in Short Blades
  5148 | D:6      | Reached skill level 3 in Long Blades
  5148 | D:6      | Reached skill level 3 in Maces & Flails
  5148 | D:6      | Reached skill level 3 in Polearms
  5148 | D:6      | Reached skill level 3 in Staves
  5148 | D:6      | Reached skill level 3 in Slings
  5148 | D:6      | Reached skill level 3 in Bows
  5148 | D:6      | Reached skill level 3 in Crossbows
  5148 | D:6      | Reached skill level 3 in Throwing
  5148 | D:6      | Reached skill level 3 in Stealth
  5148 | D:6      | Reached skill level 3 in Shields
  5148 | D:6      | Reached skill level 3 in Unarmed Combat
  5148 | D:6      | Reached skill level 3 in Evocations
  5344 | D:6      | Reached skill level 6 in Spellcasting
  5878 | D:7      | Reached * piety under Ashenzari
  5882 | D:7      | Noticed a hippogriff
  5895 | D:7      | Killed a hippogriff
  6412 | D:7      | Found a shimmering altar of Xom.
  6419 | D:7      | Found a blossoming altar of Fedhas.
  6468 | D:7      | Reached skill level 4 in Invocations
  6628 | D:7      | Reached skill level 3 in Conjurations
  6628 | D:7      | Reached skill level 3 in Hexes
  6628 | D:7      | Reached skill level 3 in Summonings
  6628 | D:7      | Reached skill level 3 in Necromancy
  6628 | D:7      | Reached skill level 3 in Translocations
  6628 | D:7      | Reached skill level 3 in Transmutations
  6628 | D:7      | Reached skill level 3 in Fire Magic
  6628 | D:7      | Reached skill level 3 in Ice Magic
  6628 | D:7      | Reached skill level 3 in Air Magic
  6628 | D:7      | Reached skill level 3 in Earth Magic
  6628 | D:7      | Reached skill level 3 in Poison Magic
  6628 | D:7      | Reached XP level 9. HP: 65/69 MP: 13/18
  6667 | D:7      | Found a bloodstained altar of Trog.
  6825 | D:8      | Noticed a troll
  6828 | D:8      | Reached skill level 6 in Fighting
  6828 | D:8      | Reached skill level 6 in Axes
  6828 | D:8      | Reached skill level 6 in Dodging
  6832 | D:8      | Killed a troll
  6840 | D:8      | Reached skill level 4 in Short Blades
  6840 | D:8      | Reached skill level 4 in Long Blades
  6840 | D:8      | Reached skill level 4 in Maces & Flails
  6840 | D:8      | Reached skill level 4 in Polearms
  6840 | D:8      | Reached skill level 4 in Staves
  6840 | D:8      | Reached skill level 4 in Slings
  6840 | D:8      | Reached skill level 4 in Bows
  6840 | D:8      | Reached skill level 4 in Crossbows
  6840 | D:8      | Reached skill level 4 in Throwing
  6840 | D:8      | Reached skill level 4 in Stealth
  6840 | D:8      | Reached skill level 4 in Shields
  6840 | D:8      | Reached skill level 4 in Unarmed Combat
  6840 | D:8      | Reached skill level 4 in Evocations
  6858 | D:8      | Reached skill level 5 in Armour
  7025 | D:8      | Noticed Pikel
  7289 | D:8      | Noticed a two-headed ogre
  7300 | D:8      | Killed a two-headed ogre
  7300 | D:8      | Reached skill level 7 in Spellcasting
  7300 | D:8      | Reached skill level 5 in Invocations
  7300 | D:8      | Reached XP level 10. HP: 24/77 MP: 11/20
  7521 | D:8      | Noticed a two-headed ogre
  7521 | D:8      | Reached skill level 4 in Conjurations
  7521 | D:8      | Reached skill level 4 in Hexes
  7521 | D:8      | Reached skill level 4 in Summonings
  7521 | D:8      | Reached skill level 4 in Necromancy
  7521 | D:8      | Reached skill level 4 in Translocations
  7521 | D:8      | Reached skill level 4 in Transmutations
  7521 | D:8      | Reached skill level 4 in Fire Magic
  7521 | D:8      | Reached skill level 4 in Ice Magic
  7521 | D:8      | Reached skill level 4 in Air Magic
  7521 | D:8      | Reached skill level 4 in Earth Magic
  7521 | D:8      | Reached skill level 4 in Poison Magic
  7531 | D:8      | HP: 16/77 [two-headed ogre/giant club (20)]
  7535 | D:8      | Killed a two-headed ogre
  7535 | D:8      | Reached skill level 5 in Short Blades
  7535 | D:8      | Reached skill level 5 in Long Blades
  7535 | D:8      | Reached skill level 5 in Maces & Flails
  7535 | D:8      | Reached skill level 5 in Polearms
  7535 | D:8      | Reached skill level 5 in Staves
  7535 | D:8      | Reached skill level 5 in Slings
  7535 | D:8      | Reached skill level 5 in Bows
  7535 | D:8      | Reached skill level 5 in Crossbows
  7535 | D:8      | Reached skill level 5 in Throwing
  7535 | D:8      | Reached skill level 5 in Stealth
  7535 | D:8      | Reached skill level 5 in Shields
  7535 | D:8      | Reached skill level 5 in Unarmed Combat
  7535 | D:8      | Reached skill level 5 in Evocations
  7952 | D:9      | Noticed a two-headed ogre
  8024 | D:8      | Reached skill level 7 in Charms
  8096 | D:8      | Noticed Psyche
  8143 | D:8      | Reached skill level 7 in Fighting
  8143 | D:8      | Reached skill level 7 in Axes
  8143 | D:8      | Reached skill level 7 in Dodging
  8498 | D:8      | Reached ** piety under Ashenzari
  8880 | D:8      | Found a staircase to the Lair.
  9091 | D:8      | HP: 15/79 [electric eel/bolt of electricity (7)]
  9353 | D:8      | Paralysed by a hornet for 1 turns
  9354 | D:8      | Reached skill level 6 in Armour
 10189 | D:8      | Killed Pikel
 10189 | D:8      | Reached skill level 6 in Invocations
 10322 | D:8      | Killed Psyche
 10444 | D:9      | Reached XP level 11. HP: 67/84 MP: 20/22
 10448 | D:9      | Found Rayl's Gadget Boutique.
 10546 | D:9      | Noticed an orange crystal statue
 10547 | D:9      | Identified the +6 hunting sling of Vanif {speed, Int+7}
 10609 | D:9      | HP: 8/84 [two-headed ogre/giant club (21)]
 10609 | D:9      | Slain by a two-headed ogre

Skill      XL: |  1  2  3  4  5  6  7  8  9 10 |
---------------+-------------------------------+-----
Spellcasting   | 5 6 7 |  7.7
Invocations    | 1 2 3 4 5 6 |  6.3
Short Blades   | 1 2 3 4 5 |  5.7
Long Blades    | 1 2 3 4 5 |  5.7
Maces & Flails | 1 2 3 4 5 |  5.7
Polearms       | 1 2 3 4 5 |  5.7
Staves         | 1 2 3 4 5 |  5.7
Slings         | 1 2 3 4 5 |  5.7
Bows           | 1 2 3 4 5 |  5.7
Crossbows      | 1 2 3 4 5 |  5.7
Throwing       | 1 2 3 4 5 |  5.7
Stealth        | 1 2 3 4 5 |  5.7
Shields        | 1 2 3 4 5 |  5.7
Unarmed Combat | 1 2 3 4 5 |  5.7
Evocations     | 1 2 3 4 5 |  5.7
Conjurations   | 1 2 3 4 |  4.7
Hexes          | 1 2 3 4 |  4.7
Summonings     | 1 2 3 4 |  4.7
Necromancy     | 1 2 3 4 |  4.7
Translocations | 1 2 3 4 |  4.7
Transmutations | 1 2 3 4 |  4.7
Fire Magic     | 1 2 3 4 |  4.7
Ice Magic      | 1 2 3 4 |  4.7
Air Magic      | 1 2 3 4 |  4.7
Earth Magic    | 1 2 3 4 |  4.7
Poison Magic   | 1 2 3 4 |  4.7
Armour         | 3 4 5 6 |  6.3
Fighting       | 5 6 7 |  7.4
Axes           | 5 6 7 |  7.4
Dodging        | 5 6 7 |  7.4
Charms         | 6 7 |  7.3

Action                   |  1- 3 |  4- 6 |  7- 9 | 10-12 || total
-------------------------+-------+-------+-------+-------++-------
Melee: Hand axe          |   107 |    23 |       |       ||   130
       Bite              |    13 |    11 |    27 |    14 ||    65
       Flail             |       |   108 |   251 |   141 ||   500
       Punch             |       |     3 |     8 |     7 ||    18
Throw: Tomahawk          |       |       |     1 |     5 ||     6
 Cast: Infusion          |     8 |    10 |    15 |    19 ||    52
       Shroud of Golubri |     1 |     3 |     4 |     3 ||    11
       Spectral Weapon   |     1 |     1 |     4 |       ||     6
       Song of Slaying   |     1 |       |     2 |     4 ||     7
Invok: Curse Item        |       |     2 |     3 |       ||     5
  Use: Scroll            |       |       |       |    14 ||    14
 Stab: Sleeping          |     2 |       |     5 |     5 ||    12
       Distracted        |       |       |     1 |       ||     1
  Eat: Chunk             |     2 |     7 |    14 |     7 ||    30
       Ration            |       |       |       |     1 ||     1
Armor: Leather armour    |    23 |    30 |   112 |    41 ||   206
Dodge: Dodged            |    90 |   123 |   272 |   129 ||   614

Vault maps used:
D:1:      saegor_arrival_simple_f, minmay_heptomino_l4
D:2:      nicolae_tso_carved_into_rock, item_on_display_a
D:3:      marbit_many_paths
D:4:      old_standard_altar, nicolae_gozag_zags_fifth_avenue,
          minmay_temple_entry_glass, grunt_decor_resistance, led_sif_pool
D:5:      lemuel_doored_altar, old_standard_altar, first_ration,
          grunt_ministairs_9, amethyst_killhole
D:6:      kennysheep_dice, uniq_eustachio
D:7:      amethyst_overflow_temple_binary, kennysheep_mini, grunt_ogre_cave
D:8:      cheibrodos_fertilizer, erik_lair_island, uniq_psyche, uniq_pikel
D:9:      serial_shops, shop, hangedman_abyss_or_decor_lesser_grid,
          minmay_statue_bubble
Temple:   cyrus_circular_temple

Table legend:
 A = Turns spent in this place as a percentage of turns spent in the entire game.
 B = Non-inter-level travel turns spent in this place as a percentage of non-inter-level travel turns spent in the entire game.
 C = Inter-level travel turns spent in this place as a percentage of turns spent in this place.
 D = Turns resting spent in this place as a percentage of non-inter-level travel turns spent in this place.
 E = Turns spent auto-exploring this place as a percentage of non-inter-level travel turns spent in this place.
 F = Non-inter-level travel turns spent in this place divided by the number of levels of this place that you've seen.
                   A       B       C       D       E      F
               +-------+-------+-------+-------+-------+----------------------
         Total | 100.0 | 100.0 |   6.4 |   6.3 |  76.0 | 993.5
       Dungeon |  99.1 |  99.1 |   6.3 |   6.3 |  76.1 | 1093.9
        Temple |   0.9 |   0.9 |   9.1 |   0.0 |  61.1 |  90.0
               +-------+-------+-------+-------+-------+----------------------

Table legend:
 A = Kills in this place as a percentage of kills in entire the game.
 B = Kills by you in this place as a percentage of kills by you in the entire game.
 C = Kills by friends in this place as a percentage of kills by friends in the entire game.
 D = Other kills in this place as a percentage of other kills in the entire game.
 E = Experience gained in this place as a percentage of experience gained in the entire game.
 F = Experience gained in this place divided by the number of levels of this place that you have seen.
                   A       B       C       D       E      F
               +-------+-------+-------+-------+-------+----------------------
         Total | 100.0 | 100.0 |   N/A |   N/A | 100.0 | 951.2
       Dungeon | 100.0 | 100.0 |   N/A |   N/A | 100.0 | 1056.9
               +-------+-------+-------+-------+-------+----------------------
